[Event "Team 45 45 League T43"]
[Site "Internet Chess Club"]
[Date "2009.11.25"]
[Round "4"]
[White "Electryon"]
[Black "whale5970"]
[Result "1/2-1/2"]
[WhiteElo "1405"]
[BlackElo "1594"]
[Opening "English: symmetrical variation"]
[ECO "A30"]
[Time "19:36:43"]
[TimeControl "2700+45"]

1. c4 c5 2. g3 e6 3. Bg2 Nf6 4. Nf3 d6 5. O-O Nbd7 6. e3 Be7 7. d4 cxd4 8. exd4
O-O 9. b3 Qc7 10. Bb2 b6 11. Nc3 a6 12. Qc2 Bb7 13. Rac1 Rac8 14. Rfe1 Qb8 15.
Qd3 h6 16. d5 e5 17. Nh4 Nc5 18. Qe3 Ng4 19. Qe2 Bxh4 20. Qxg4 Be7 21. Rcd1 f5
22. Qh5 Kh7 23. f4 e4 24. Bf1 g6 25. Qh3 Bf6 26. Rd2 Rce8 27. Nd1 Bxb2 28. Rxb2
Qd8 29. Ne3 Qf6 30. Qg2 h5 31. h4 Qd4 32. Qd2 Qf6 33. Rd1 Re7 34. Qd4 Qxd4 35.
Rxd4 Rfe8 36. Rd1 Nd7 37. b4 Bc8 38. Kf2 Nf6 39. Be2 Nd7 40. Ke1 Kg7 41. Nc2 a5
42. a3 e3 43. Nd4 Nf6 44. Bf3 Bd7 45. bxa5 bxa5 46. Rb7 Ba4 47. Rdb1 Kf7 48. Ne6
Bc2 49. R1b2 Bd3 50. c5 Rc8 51. Rxe7+ Kxe7 52. Rb7+ Ke8 53. Ng7+ Kf8 54. Ne6+
Ke8 55. Ng7+ Kf8 56. Ne6+ Ke8 57. Ng7+ {Game drawn by repetition} 1/2-1/2

[Event "Team 45 45 League T43"]
[Site "Internet Chess Club"]
[Date "2009.11.25"]
[Round "4"]
[White "Nikhil03"]
[Black "Beancounter"]
[Result "0-1"]
[WhiteElo "1497"]
[BlackElo "1636"]
[Opening "Caro-Kann: exchange variation"]
[ECO "B13"]
[Time "14:00:09"]
[TimeControl "2700+45"]

1. e4 c6 2. d4 d5 3. exd5 cxd5 4. Nc3 Nf6 5. h3 Nc6 6. Bb5 Bd7 7. Nf3 e6 8. Bf4
Bb4 9. Qd3 O-O 10. O-O Rc8 11. Na4 Be7 12. Bxc6 Bxc6 13. Nc3 Bd6 14. Bxd6 Qxd6
15. Ne5 a6 16. Nxc6 Qxc6 17. Rac1 Rc7 18. Ne2 Rfc8 19. c3 Qa4 20. a3 Ne4 21. f3
Nd6 22. Qc2 Qa5 23. Nf4 Nb5 24. Qd2 Nd6 25. Rfe1 Nc4 26. Qf2 Qb6 27. Re2 Qd6 28.
Nd3 b6 29. Ne5 Nxe5 30. Rxe5 b5 31. Rce1 a5 32. f4 g6 33. g4 b4 34. axb4 axb4
35. cxb4 Qxb4 36. f5 Rc2 37. R1e2 Rxe2 38. Rxe2 Rc1+ 39. Kg2 Rd1 40. fxe6 fxe6
41. Qf6 Qf8 42. Qxe6+ Qf7 43. Qc8+ Kg7 44. Rf2 Qe7 45. Qc5 Qe4+ 46. Kg3 Rg1+ 47.
Kh4 g5+ 48. Kxg5 Qg6+ 49. Kf4 Qf6+ 50. Ke3 Re1+ 51. Kd3 Qxf2 52. Qc7+ Qf7 53.
Qg3 Qf1+ 54. Kc3 Rc1+ 55. Kd2 Qd1+ 56. Ke3 Qb3+ 57. Kf4 Rf1+ 58. Kg5 Qxg3 59. b4
h6+ 60. Kh5 Qxh3# {White checkmated} 0-1

[Event "Team 45 45 League T43"]
[Site "Internet Chess Club"]
[Date "2009.11.22"]
[Round "4"]
[White "philosopherking"]
[Black "Zappy"]
[Result "1/2-1/2"]
[WhiteElo "1509"]
[BlackElo "1473"]
[Opening "QGD: 4.Bg5 Be7"]
[ECO "D53"]
[Time "13:00:36"]
[TimeControl "2700+45"]

1. d4 Nf6 2. c4 e6 3. Nc3 d5 4. Bg5 Be7 5. Nf3 h6 6. Bh4 Nc6 7. e3 Bd7 8. Bxf6
Bxf6 9. cxd5 exd5 10. Nxd5 O-O 11. Be2 Re8 12. O-O Be7 13. Rc1 Bf5 14. Qb3 Be6
15. Nxe7+ Nxe7 16. Qxb7 Rb8 17. Qxa7 Rxb2 18. Bc4 Bxc4 19. Rxc4 Qd5 20. Rxc7
Rxa2 21. Qb7 Qxb7 22. Rxb7 Nd5 23. g3 Rc8 24. Rfb1 Rcc2 25. Rf1 g5 26. Ne5 Nxe3
27. Re1 Rxf2 28. Rxe3 Rg2+ 29. Kf1 Rgf2+ 30. Kg1 Rg2+ 31. Kf1 Rgf2+ 32. Kg1 Rg2+
33. Kf1 Rgf2+ {Game drawn by repetition} 1/2-1/2

[Event "Team 45 45 League T43"]
[Site "Internet Chess Club"]
[Date "2009.11.22"]
[Round "4"]
[White "imawesome"]
[Black "yemisco1"]
[Result "1-0"]
[WhiteElo "1568"]
[BlackElo "1513"]
[Opening "Bishop's opening: Berlin defense"]
[ECO "C24"]
[Time "09:18:13"]
[TimeControl "2700+45"]

1. e4 e5 2. Bc4 Nf6 3. d3 Bb4+ 4. Bd2 Nc6 5. Nc3 a6 6. a3 Bxc3 7. Bxc3 d6 8. Ne2
O-O 9. O-O b5 10. Ba2 Bb7 11. f4 Qe7 12. Bd2 Rad8 13. Ng3 Bc8 14. f5 h6 15. Nh5
Nxh5 16. Qxh5 Qf6 17. Rf3 Rd7 18. Rg3 Kh7 19. Bg5 Qxg5 20. Rxg5 g6 21. fxg6+
fxg6 22. Qxg6+ Kh8 23. Qxh6+ Rh7 24. Qxf8# {Black checkmated} 1-0

[Event "Team 45 45 League T43"]
[Site "Internet Chess Club"]
[Date "2009.11.22"]
[Round "4"]
[White "zachi"]
[Black "parrot9"]
[Result "1-0"]
[WhiteElo "1967"]
[BlackElo "1752"]
[Opening "Sicilian: closed"]
[ECO "B24"]
[Time "09:32:12"]
[TimeControl "2700+45"]

1. e4 c5 2. Nc3 Nc6 3. g3 e6 4. Bg2 g6 5. f4 d6 6. Nf3 Bg7 7. d3 Nge7 8. O-O O-O
9. Be3 a6 10. d4 cxd4 11. Nxd4 Nxd4 12. Bxd4 e5 13. fxe5 dxe5 14. Bc5 Qc7 15.
Qd6 Qxd6 16. Bxd6 Re8 17. Bxe7 Rxe7 18. Nd5 Rd7 19. Nb6 Rb8 20. Nxd7 Bxd7 21. h4
Bg4 22. Bf3 Bxf3 23. Rxf3 Rd8 24. Raf1 Rd2 25. R1f2 Bh6 26. Rxd2 Bxd2 27. Rd3
Ba5 28. Rd5 Bb6+ 29. Kf1 Bc7 30. Rd7 {Black resigns} 1-0

[Event "Team 45 45 League T43"]
[Site "Internet Chess Club"]
[Date "2009.11.21"]
[Round "4"]
[White "Invicta-Knight"]
[Black "Esslinger"]
[Result "1-0"]
[WhiteElo "1420"]
[BlackElo "1362"]
[Opening "Scandinavian (center counter) defense"]
[ECO "B01"]
[Time "15:11:16"]
[TimeControl "2700+45"]

1. e4 d5 2. exd5 Qxd5 3. Nc3 Qd8 4. d4 Nf6 5. Nf3 Bf5 6. Bc4 Nbd7 7. h3 h6 8.
Bf4 c6 9. d5 cxd5 10. Nxd5 Nxd5 11. Bxd5 Rc8 12. c3 Qb6 13. Qb3 Qxb3 14. Bxb3
Bd3 15. O-O-O Bc4 16. Rxd7 Bxb3 17. Rxb7 Bxa2 18. Rxa7 Bb3 19. Rb7 Ra8 20. Rb8+
Rxb8 21. Bxb8 e6 22. Nd4 Bd5 23. f3 Bc5 24. b4 Bxd4 25. cxd4 Kd7 26. Bf4 Rc8+
27. Kb2 Rc4 28. Bd2 Rxd4 29. Bc3 Rc4 30. Rd1 g6 31. Ra1 Rc7 32. Bd4 Rb7 33. Bc5
Kc6 34. Kc3 e5 35. Re1 f6 36. Ra1 Kd7 37. Ra6 Be6 38. Rd6+ {Black forfeits on
time} 1-0

[Event "Team 45 45 League T43"]
[Site "Internet Chess Club"]
[Date "2009.11.21"]
[Round "4"]
[White "Kingangyal"]
[Black "EyeAm"]
[Result "0-1"]
[WhiteElo "1432"]
[BlackElo "1618"]
[Opening "Dutch"]
[ECO "A80"]
[Time "14:30:22"]
[TimeControl "2700+45"]

1. d4 f5 2. Bf4 Nf6 3. e3 d5 4. Nf3 e6 5. c4 Bd6 6. Bg3 O-O 7. Nbd2 Nc6 8. Be2
Ne4 9. Nxe4 fxe4 10. Bxd6 Qxd6 11. c5 Qe7 12. Nd2 Qg5 13. O-O Bd7 14. f3 Qxe3+
15. Kh1 Nxd4 16. Rf2 Qxf2 {White resigns} 0-1

[Event "Team 45 45 League T43"]
[Site "Internet Chess Club"]
[Date "2009.11.21"]
[Round "4"]
[White "stputte"]
[Black "kingsrook"]
[Result "0-1"]
[WhiteElo "1466"]
[BlackElo "1327"]
[Opening "Caro-Kann: Tartakower (fantasy) variation"]
[ECO "B12"]
[Time "14:00:14"]
[TimeControl "2700+45"]

1. e4 c6 2. d4 d5 3. f3 dxe4 4. fxe4 e5 5. Nf3 Bg4 6. Bc4 Nd7 7. Bxf7+ Kxf7 8.
Ng5+ Qxg5 9. Bxg5 Bxd1 10. Kxd1 Ngf6 11. dxe5 Nxe5 12. Rf1 Rd8+ 13. Kc1 Bd6 14.
Nc3 Rhf8 15. Bxf6 gxf6 16. Ne2 Ng6 17. c3 Rfe8 18. Kc2 Rxe4 19. Nd4 Rde8 20. g3
Bc5 21. Rad1 Bxd4 22. cxd4 Re2+ 23. Rd2 Rxd2+ 24. Kxd2 Rd8 25. Kc3 Ne7 26. Re1
Nd5+ 27. Kc4 b6 28. Re2 Rg8 29. Re4 Rg5 30. b4 Nc7 31. a4 h5 32. Kb3 Rg4 33.
Rxg4 hxg4 34. Kc4 Ke6 35. a5 f5 36. axb6 axb6 37. Kd3 b5 38. Kc3 Kd5 39. Kd3 Ne6
40. Ke3 Nxd4 41. Kf4 Kc4 42. Ke3 Nc2+ 43. Kf4 Nd4 44. Ke5 c5 45. bxc5 Kxc5 46.
Kf4 b4 47. Ke3 Kc4 48. Kd2 Kb3 49. Kc1 Ka2 50. Kd2 b3 51. Kd3 Nf3 52. Ke3 b2 53.
Kf4 b1=Q 54. Ke3 Qb3+ 55. Kf2 Qc2+ 56. Kf1 Qd3+ 57. Kf2 Qd2+ 58. Kf1 Qe1+ 59.
Kg2 Qg1# {White checkmated} 0-1

[Event "Team 45 45 League T43"]
[Site "Internet Chess Club"]
[Date "2009.11.24"]
[Round "4"]
[White "nardz"]
[Black "Freitac"]
[Result "0-1"]
[WhiteElo "2061"]
[BlackElo "2003"]
[Opening "QGD Slav: Steiner variation"]
[ECO "D16"]
[Time "18:00:18"]
[TimeControl "2700+45"]

1. d4 d5 2. c4 c6 3. Nf3 Nf6 4. Nc3 dxc4 5. a4 Bg4 6. Ne5 Bh5 7. f3 Nfd7 8. Nxc4
e5 9. dxe5 Qh4+ 10. g3 Qxc4 11. g4 Bg6 12. e4 Qc5 13. f4 h6 14. Qd3 Na6 15. Be3
Nb4 16. Qxd7+ Kxd7 17. O-O-O+ Kc7 18. Bxc5 Bxc5 19. f5 Bh7 20. Bc4 Be3+ 21. Kb1
Bf4 22. Bxf7 Bxe5 23. h4 Rhd8 24. g5 Bg8 25. Bg6 Bb3 26. Rdf1 Bc4 27. Rf3 Bd3+
28. Kc1 Bxc3 29. f6 Na2+ 30. Kd1 {White resigns} 0-1

[Event "Team 45 45 League T43"]
[Site "Internet Chess Club"]
[Date "2009.11.19"]
[Round "4"]
[White "Nosferatu1"]
[Black "QueensCounselor"]
[Result "0-1"]
[WhiteElo "1828"]
[BlackElo "2070"]
[Opening "Grünfeld: Spassky variation, main line, 13.Bd3"]
[ECO "D89"]
[Time "14:08:43"]
[TimeControl "2700+45"]

1. d4 Nf6 2. c4 g6 3. Nc3 d5 4. cxd5 Nxd5 5. e4 Nxc3 6. bxc3 Bg7 7. Bc4 c5 8.
Ne2 O-O 9. O-O Nc6 10. Be3 cxd4 11. cxd4 Bg4 12. f3 Na5 13. Bd3 Be6 14. Rc1 Bxa2
15. Qa4 Bb3 16. Qb4 b6 17. Rc3 Be6 18. Rfc1 Qd6 19. Qxd6 exd6 20. Rc7 d5 21. Ba6
Rfd8 22. e5 Nc4 23. Bg5 Rd7 24. Rxd7 Bxd7 25. Bb7 Re8 26. Bxd5 Nxe5 27. Rc7 Bc6
28. Bxc6 Nxc6 29. Rxc6 f6 30. Bxf6 Bxf6 31. Rxf6 Rxe2 32. Rd6 Kf7 33. Rd7+ Re7
34. Rd6 b5 35. Kf2 b4 36. Ra6 b3 37. Ra1 Rb7 38. Ke3 b2 39. Rb1 a5 40. Kd3 a4
41. Kc2 a3 42. d5 Ke7 43. g4 Kd6 44. h4 Kxd5 45. f4 Rc7+ 46. Kb3 Rc1 47. Rxb2
axb2 48. Kxb2 Rf1 49. f5 gxf5 50. g5 Rh1 51. Kc3 Rxh4 52. Kd3 Rh3+ 53. Ke2 Ke4
54. Kf2 f4 55. Kg2 Rg3+ 56. Kh2 Rxg5 57. Kh3 f3 58. Kh4 Rg8 59. Kh5 f2 60. Kh6
f1=Q 61. Kxh7 Rg1 62. Kh6 Qh3# {White checkmated} 0-1

[Event "Team 45 45 League T43"]
[Site "Internet Chess Club"]
[Date "2009.11.21"]
[Round "4"]
[White "charles-allen"]
[Black "sandham"]
[Result "1/2-1/2"]
[WhiteElo "1872"]
[BlackElo "2027"]
[Opening "Sicilian: Alapin's variation (2.c3)"]
[ECO "B22"]
[Time "17:00:25"]
[TimeControl "2700+45"]

1. e4 c5 2. c3 Nf6 3. e5 Nd5 4. d4 cxd4 5. cxd4 e6 6. Nf3 d6 7. Bc4 Nb6 8. Bb3
Nc6 9. O-O dxe5 10. dxe5 Qxd1 11. Rxd1 Bd7 12. Nc3 Na5 13. Bc2 Bc6 14. Nd4 Rd8
15. Bf4 a6 16. Ne4 Nd5 17. Bg5 Be7 18. Nd6+ Rxd6 19. Bxe7 Rd7 20. Bh4 Nc4 21.
Nxc6 bxc6 22. Bd3 Nxe5 23. Bxa6 Ra7 24. Be2 f5 25. f3 Kf7 26. a3 Rb7 27. b4 Ra8
28. Bg3 f4 29. Bf2 Nc3 30. Re1 Nxe2+ 31. Rxe2 Nd7 32. Rb2 Ra4 33. Rbb1 Nf6 34.
Bd4 Nd5 35. Rc1 Ra6 36. Kf2 g5 37. Rc5 Rb5 38. Ke2 e5 39. Bxe5 Rxc5 40. bxc5 Ra4
41. Bb2 Ne3 42. Kf2 Ra5 43. Rc1 Ke6 44. g3 Rb5 45. Bd4 Nf5 46. Rd1 fxg3+ 47.
hxg3 Nxd4 48. Rxd4 Rxc5 49. Re4+ Kf6 50. g4 Rc1 51. a4 c5 52. Re8 Ra1 53. Rc8
Rxa4 {Game drawn by mutual agreement} 1/2-1/2

[Event "Team 45 45 League T43"]
[Site "Internet Chess Club"]
[Date "2009.11.25"]
[Round "4"]
[White "Zumbi"]
[Black "Marichan"]
[Result "1-0"]
[WhiteElo "2031"]
[BlackElo "1927"]
[Opening "Pirc defense"]
[ECO "B07"]
[Time "19:00:27"]
[TimeControl "2700+45"]

1. e4 d6 2. d4 Nf6 3. Nc3 g6 4. Be3 Bg7 5. Qd2 a6 6. a4 O-O 7. h3 c6 8. Bd3 Nbd7
9. Nf3 Rb8 10. O-O b5 11. axb5 axb5 12. Rfe1 e5 13. dxe5 Nxe5 14. Nxe5 dxe5 15.
b4 Qc7 16. Ne2 Rd8 17. Qc3 Bb7 18. Ng3 Rbc8 19. Ra7 Nd5 20. exd5 e4 21. Bd4 Bxd4
22. Qxd4 exd3 23. Ne4 h5 24. d6 Qb8 25. Nf6+ Kf8 26. d7 Rc7 27. Re8+ Kg7 28.
Ng4+ {Black resigns} 1-0

[Event "Team 45 45 League T43"]
[Site "Internet Chess Club"]
[Date "2009.11.22"]
[Round "4"]
[White "Constrictor"]
[Black "Ptzz"]
[Result "1/2-1/2"]
[WhiteElo "1838"]
[BlackElo "2016"]
[Opening "QGD Slav: 4.Nc3"]
[ECO "D15"]
[Time "17:00:58"]
[TimeControl "2700+45"]

1. Nf3 d5 2. d4 Nf6 3. c4 c6 4. Nc3 a6 5. e3 b5 6. cxb5 cxb5 7. Bd3 Bg4 8. O-O
e6 9. a3 Bd6 10. Bd2 Nbd7 11. Rc1 Rc8 12. e4 dxe4 13. Nxe4 Nxe4 14. Bxe4 O-O 15.
Bb7 Rxc1 16. Qxc1 Qb8 17. Qc6 Bxf3 18. Qxf3 Bxh2+ 19. Kh1 Bd6 20. Bxa6 Qb6 21.
Qb7 Qxd4 22. g3 Nc5 23. Bc3 Qe4+ 24. Qxe4 Nxe4 25. Bxb5 Nxc3 26. bxc3 Bxa3 27.
c4 Rd8 28. Kg2 g6 29. Re1 Rd2 30. Kf3 Bc5 31. Re2 Rd3+ 32. Kg2 Kg7 33. Kh3 Kf6
34. Kg2 g5 35. g4 Rd4 36. f3 Rd1 37. Ba6 Kg6 38. Bb5 Rd4 39. Be8 Kf6 40. Bb5 h5
41. gxh5 Rh4 42. Re1 Rxh5 43. Rh1 Rxh1 44. Kxh1 Kf5 45. Be8 f6 46. Kg2 Kf4 47.
Bf7 e5 48. Bd5 f5 49. Bc6 e4 50. fxe4 fxe4 51. Bd5 Ke3 52. Kg3 Kd4 53. Kf2 Kd3+
54. Ke1 Bb4+ 55. Kf1 g4 56. Be6 g3 57. Kg2 Bd6 58. c5 Be5 59. Kf1 Ke3 60. Bg4
Kf4 61. Bh3 Kf3 62. Bg2+ Kf4 63. Ke2 Bc7 {Game drawn by mutual agreement}
1/2-1/2

[Event "Team 45 45 League T43"]
[Site "Internet Chess Club"]
[Date "2009.11.23"]
[Round "4"]
[White "PaulKaspar"]
[Black "viking99"]
[Result "1-0"]
[WhiteElo "1895"]
[BlackElo "1813"]
[Opening "French: exchange variation"]
[ECO "C01"]
[Time "15:00:56"]
[TimeControl "2700+45"]

1. e4 e6 2. d4 d5 3. exd5 exd5 4. Nf3 Bg4 5. Be2 Bd6 6. h3 Bh5 7. O-O Nf6 8. Nh4
Bxe2 9. Qxe2+ Qe7 10. Qxe7+ Bxe7 11. Re1 g6 12. Bg5 Kd7 13. Nc3 Ne4 14. Bxe7
Kxe7 15. f3 g5 16. Nf5+ Kf6 17. fxe4 dxe4 18. Ng3 Nc6 19. Ncxe4+ Kg6 20. c3 f5
21. Nc5 f4 22. Nf1 Rhe8 23. Kf2 b6 24. Nd3 h5 25. Rxe8 Rxe8 26. Re1 Rxe1 27.
Kxe1 Kf5 28. Ke2 g4 29. hxg4+ hxg4 30. Nd2 Ne7 31. Ne5 c5 32. Kd3 cxd4 33. cxd4
b5 34. a3 Nd5 35. Nf1 Nb6 36. Nc6 a6 37. Nb8 a5 38. Nc6 Nc4 39. Kc3 f3 40. gxf3
gxf3 41. Na7 Nd6 42. Kd3 Kf4 43. Nc6 a4 44. Nb4 Nc4 45. Nd5+ Kf5 46. Nde3+ Kf4
47. Nxc4 bxc4+ 48. Kxc4 f2 49. Kd3 Kf3 50. d5 Kg2 51. Ke2 {Black resigns} 1-0

[Event "Team 45 45 League T43"]
[Site "Internet Chess Club"]
[Date "2009.11.20"]
[Round "4"]
[White "HumanTornado"]
[Black "ddlj81"]
[Result "1-0"]
[WhiteElo "1963"]
[BlackElo "1848"]
[Opening "Ruy Lopez: open, Bernstein variation"]
[ECO "C80"]
[Time "21:00:22"]
[TimeControl "2700+45"]

1. e4 e5 2. Nf3 Nc6 3. Bb5 a6 4. Ba4 Nf6 5. O-O Nxe4 6. d4 b5 7. Bb3 d5 8. dxe5
Be6 9. Nbd2 Be7 10. c3 O-O 11. Re1 Nxd2 12. Bxd2 Na5 13. Bc2 Nc4 14. Bc1 c5 15.
a4 Rb8 16. axb5 axb5 17. b3 Nb6 18. Qd3 g6 19. Bh6 c4 20. Qe3 Re8 21. b4 Nd7 22.
Nd4 Qc7 23. Ra5 Bc5 24. Rxb5 Rxb5 25. Nxb5 Bxe3 26. Nxc7 Bxh6 27. Nxe8 Bd2 28.
Ra1 Kf8 29. Ra8 Nb6 30. Rb8 Nd7 31. Ra8 Nb6 32. Ra6 Kxe8 33. Rxb6 Bxc3 34. Rb8+
Kd7 35. f4 d4 36. Be4 d3 37. Kf2 d2 38. Ke2 Bg4+ 39. Bf3 Bf5 40. Kd1 Kc7 41.
Rb7+ Kc8 42. Rb5 Bd4 43. g4 Bd7 44. Rd5 Ba4+ 45. Kxd2 c3+ 46. Kd3 Bg1 47. Kxc3
Bxh2 48. f5 Bd7 49. Be4 Kc7 50. Kc4 h5 51. Rc5+ {Black forfeits on time} 1-0

[Event "Team 45 45 League T43"]
[Site "Internet Chess Club"]
[Date "2009.11.21"]
[Round "4"]
[White "parrot9"]
[Black "Constrictor"]
[Result "1-0"]
[WhiteElo "1760"]
[BlackElo "1830"]
[Opening "Alekhine's defense: four pawns attack, Trifunovic variation"]
[ECO "B03"]
[Time "09:31:23"]
[TimeControl "2700+45"]

1. e4 Nf6 2. e5 Nd5 3. d4 d6 4. c4 Nb6 5. f4 Bf5 6. Bd3 Bxd3 7. Qxd3 dxe5 8.
fxe5 c5 9. d5 e6 10. Nc3 Qh4+ 11. g3 Qxc4 12. Qxc4 Nxc4 13. Nf3 exd5 14. Nxd5
Na6 15. Bg5 h6 16. Bh4 g5 17. Nf6+ Ke7 18. Nxg5 hxg5 19. Bxg5 Ke6 20. O-O Bh6
21. Bh4 Be3+ 22. Kh1 Bd4 23. Ng4 Nxe5 24. Rae1 Rh5 25. Bf6 Rg8 26. Bxe5 Bxe5 27.
Rxe5+ Rxe5 28. Nxe5 Kxe5 29. Rxf7 b6 30. a3 c4 31. Rxa7 Nc5 32. Kg2 Kd4 33. h4
Ne4 34. Rd7+ Kc5 35. Rc7+ Kb5 36. a4+ Kb4 37. Rc6 b5 38. axb5 Kxb5 39. Re6 Nxg3
40. Kf3 Nf5 41. Re5+ Kb4 42. Rxf5 Rh8 43. Kg4 Kb3 44. Rb5+ Kc2 45. h5 Kd3 46.
Rb6 c3 47. bxc3 Kxc3 48. Kg5 Kd4 49. h6 Ke5 50. Kg6 Rg8+ 51. Kf7 Rg4 52. Rg6 Rh4
53. Kg7 Kf5 54. Rf6+ Ke5 55. Ra6 Rg4+ 56. Rg6 Rh4 57. h7 Kf5 58. Rf6+ Ke5 59.
Rh6 Rg4+ 60. Kf7 Rf4+ 61. Ke7 {Black resigns} 1-0

[Event "Team 45 45 League T43"]
[Site "Internet Chess Club"]
[Date "2009.11.23"]
[Round "4"]
[White "ghostfire"]
[Black "tenor"]
[Result "1/2-1/2"]
[WhiteElo "1804"]
[BlackElo "1786"]
[Opening "QGD: exchange, positional line"]
[ECO "D35"]
[Time "20:00:11"]
[TimeControl "2700+45"]

1. d4 d5 2. c4 e6 3. Nc3 Nf6 4. cxd5 exd5 5. Bg5 Nbd7 6. e3 c6 7. Bd3 Be7 8.
Nge2 O-O 9. O-O Re8 10. Rb1 h6 11. Bh4 Ne4 12. Bxe7 Qxe7 13. Nxe4 dxe4 14. Bc2
Nf6 15. Nc3 Bg4 16. Qd2 Rad8 17. Bd1 Bf5 18. Ba4 a5 19. Qc1 Rc8 20. a3 Be6 21.
b4 b5 22. Bd1 a4 23. Re1 Qd6 24. h3 Bc4 25. Rb2 Nd5 26. Nxa4 Ra8 27. Nc3 Rxa3
28. Nxd5 Bxd5 29. Be2 Rea8 30. g3 Ra2 31. Rxa2 Rxa2 32. Qc3 Qe6 33. Kg2 Qf6 34.
Kf1 Bc4 35. f4 Bd5 36. Ra1 Rxa1+ 37. Qxa1 Qd6 38. Qc3 Kf8 39. Qc5 Ke7 40. Qa7+
Kf6 41. Qc5 Qxc5 42. dxc5 Be6 {Game drawn by mutual agreement} 1/2-1/2

[Event "Team 45 45 League T43"]
[Site "Internet Chess Club"]
[Date "2009.11.23"]
[Round "4"]
[White "Theodulf"]
[Black "Monsieur"]
[Result "1-0"]
[WhiteElo "1661"]
[BlackElo "1633"]
[Opening "Petrov: French attack"]
[ECO "C42"]
[Time "20:01:33"]
[TimeControl "2700+45"]

1. e4 e5 2. Nf3 Nf6 3. Nxe5 d6 4. Nf3 Nxe4 5. d3 Nf6 6. d4 Be7 7. Bd3 O-O 8. c4
Bg4 9. O-O d5 10. cxd5 Qxd5 11. Nc3 Qh5 12. Bf4 Nc6 13. Be2 Bd6 14. Bxd6 cxd6
15. h3 Bxh3 16. gxh3 Qxh3 17. Nh2 Qh4 18. f4 d5 19. Kg2 Rae8 20. Qd3 Nh5 21.
Bxh5 Qxh5 22. Rad1 Re6 23. Qf3 Rg6+ 24. Kh1 Qh4 25. Rf2 Rg3 26. Qe2 Qd8 27. Rg1
Re8 28. Qh5 Rxg1+ 29. Kxg1 Nxd4 30. Qxd5 Qb6 31. Kg2 h6 32. Kf1 Re6 33. a4 Rd6
34. Qe5 Qa6+ 35. Nb5 Qxa4 36. Nxd6 Qd1+ 37. Kg2 Ne6 38. Nf3 g5 39. Rd2 Qa4 40.
fxg5 Qg4+ 41. Kf2 hxg5 42. Nxf7 Kxf7 43. Qxe6+ {Black resigns} 1-0

[Event "Team 45 45 League T43"]
[Site "Internet Chess Club"]
[Date "2009.11.21"]
[Round "4"]
[White "idjit"]
[Black "qs16"]
[Result "0-1"]
[WhiteElo "1761"]
[BlackElo "1911"]
[Opening "Sicilian: Najdorf"]
[ECO "B90"]
[Time "11:00:37"]
[TimeControl "2700+45"]

1. e4 c5 2. Nf3 d6 3. d4 cxd4 4. Nxd4 Nf6 5. Nc3 a6 6. a4 e5 7. Nb3 Be6 8. Nd5
Nxd5 9. exd5 Bf5 10. Bd3 Bxd3 11. Qxd3 Be7 12. Bd2 Nd7 13. Na5 Nc5 14. Qg3 O-O
15. b4 Ne4 16. Qd3 Nxd2 17. Qxd2 Bg5 18. Qd3 Qb6 19. c3 Rac8 20. O-O Qc7 21. c4
Rfe8 22. Ra2 Qb6 23. Rb1 e4 24. Qg3 Bf6 25. Re2 Bd4 26. Qg4 e3 27. Nxb7 Qxb7 28.
Qxd4 exf2+ 29. Rxf2 Qd7 30. Rbf1 Re7 31. c5 Qxa4 32. Ra1 dxc5 33. Rxa4 cxd4 34.
Rd2 h6 35. Rxa6 Rc4 36. Ra8+ Kh7 37. Rb8 Rd7 38. Rb5 Kg6 39. Kf2 Kf5 40. d6+ Ke4
41. Rb6 d3 42. b5 Rd4 43. Rc6 R4xd6 44. Rc4+ Rd4 45. Rc6 Rb4 46. b6 Rb5 47. Rc4+
Rd4 48. Rc7 Rxb6 49. Rxf7 Rf6+ 50. Rxf6 gxf6 51. Ke1 Rc4 52. Rf2 f5 53. Rf3 f4
54. Rh3 Rc1+ 55. Kd2 Rc2+ 56. Kd1 Rxg2 57. Rxh6 f3 58. h4 Ke3 59. Re6+ Kf2 60.
h5 Kg1 61. Re1+ Kf2 62. h6 Rh2 63. Re6 Kg1 64. Rg6+ Rg2 65. Rxg2+ Kxg2 66. h7 f2
67. h8=Q f1=Q+ 68. Kd2 Qe2+ 69. Kc3 Qc2+ 70. Kb4 d2 71. Qg7+ Kf2 72. Qf6+ Ke2
73. Qe5+ Kd1 74. Ka3 Qc1+ 75. Ka2 Qc2+ 76. Ka3 Qd3+ 77. Ka2 Qc2+ 78. Ka3 Qc4 79.
Qe3 Kc2 80. Qf3 Qc3+ {White resigns} 0-1

[Event "Team 45 45 League T43"]
[Site "Internet Chess Club"]
[Date "2009.11.19"]
[Round "4"]
[White "oldsj"]
[Black "Kallistos"]
[Result "0-1"]
[WhiteElo "1579"]
[BlackElo "1705"]
[Opening "Ruy Lopez: closed, Borisenko defense"]
[ECO "C78"]
[Time "09:01:31"]
[TimeControl "2700+45"]

1. e4 e5 2. Nf3 Nc6 3. Bb5 a6 4. Ba4 Nf6 5. O-O b5 6. Bb3 Be7 7. c3 d6 8. h3 Na5
9. Bc2 c5 10. d4 Nc6 11. Re1 O-O 12. Nbd2 Re8 13. Nf1 Bf8 14. a4 Bb7 15. Ng3 g6
16. Qe2 Qb6 17. d5 Nb8 18. Be3 b4 19. a5 Qc7 20. cxb4 cxb4 21. Bb6 Qe7 22. Ba4
Rc8 23. Rec1 Nbd7 24. Be3 Rxc1+ 25. Rxc1 Nc5 26. Bxc5 dxc5 27. Nd2 Bh6 28. Rc2
Rd8 29. Nc4 Ne8 30. Bxe8 Qxe8 31. Nb6 Qe7 32. Qc4 Bf8 33. Ne2 f5 34. f3 Qg5 35.
d6+ Kg7 36. d7 fxe4 37. fxe4 Qe3+ 38. Kh1 Bxe4 39. Rc1 Qxh3+ {White resigns} 0-1

[Event "Team 45 45 League T43"]
[Site "Internet Chess Club"]
[Date "2009.11.20"]
[Round "4"]
[White "BishopMike"]
[Black "juniorVishy"]
[Result "1/2-1/2"]
[WhiteElo "1496"]
[BlackElo "1441"]
[Opening "Sicilian defense"]
[ECO "B30"]
[Time "17:00:21"]
[TimeControl "2700+45"]

1. e4 c5 2. Nf3 Nc6 3. Bc4 d6 4. d4 cxd4 5. Nxd4 g6 6. O-O Bg7 7. Be3 Nf6 8.
Nxc6 bxc6 9. Nc3 O-O 10. Be2 c5 11. Qd2 Bb7 12. Bf3 Qb6 13. Rab1 Qb4 14. a3 Qc4
15. Be2 Qe6 16. f3 Rac8 17. Rfd1 Rfd8 18. b3 d5 19. exd5 Nxd5 20. Nxd5 Rxd5 21.
Qc1 Rxd1+ 22. Bxd1 Rd8 23. Kf2 Bd4 24. Bxd4 Rxd4 25. Qe3 Qd6 26. Ke1 Qxh2 27.
Qxe7 Qg1+ 28. Ke2 Qxg2+ 29. Ke1 Bxf3 30. Qe8+ Kg7 31. Qe5+ Kg8 32. Qe8+ Kg7 33.
Qe5+ f6 34. Qe7+ Kg8 35. Qe8+ Kg7 36. Qe7+ Kg8 37. Qe8+ Kg7 38. Qe7+ Kg8 39.
Qe8+ Kg7 40. Qe7+ Kg8 {Game drawn by repetition} 1/2-1/2

[Event "Team 45 45 League T43"]
[Site "Internet Chess Club"]
[Date "2009.11.22"]
[Round "4"]
[White "zigzag2002"]
[Black "Visin"]
[Result "1-0"]
[WhiteElo "1352"]
[BlackElo "1250"]
[Opening "QGD semi-Slav: Chigorin defense"]
[ECO "D46"]
[Time "09:20:38"]
[TimeControl "2700+45"]

1. d4 d5 2. c4 c6 3. e3 Nf6 4. Nc3 Nbd7 5. Nf3 e6 6. Bd3 Bd6 7. c5 Bc7 8. O-O
O-O 9. b4 e5 10. a4 e4 11. Ba3 exd3 12. Qxd3 h6 13. b5 Re8 14. Bb4 cxb5 15. axb5
b6 16. Ra3 Ne4 17. Rfa1 Bb8 18. Nxd5 Bb7 19. c6 Bc8 20. cxd7 Qxd7 21. Nxb6 axb6
22. Rxa8 Bd6 23. R1a7 Qe6 24. Bxd6 Qxd6 25. Ra3 Qb4 26. Qb3 Qxb3 27. Rxb3 Bd7
28. Rxe8+ Bxe8 29. Rd3 Bxb5 30. Rb3 Be2 31. Rxb6 Nf6 32. Ne5 Kh7 {Black resigns}
1-0

[Event "Team 45 45 League T43"]
[Site "Internet Chess Club"]
[Date "2009.11.22"]
[Round "4"]
[White "Fogbound"]
[Black "baseball613"]
[Result "0-1"]
[WhiteElo "1302"]
[BlackElo "1328"]
[Opening "Queen's pawn"]
[ECO "A40"]
[Time "14:00:28"]
[TimeControl "2700+45"]

1. d4 c6 2. Nf3 d5 3. e3 Bg4 4. Be2 Nf6 5. Ne5 Bxe2 6. Qxe2 e6 7. O-O c5 8. c3
Nc6 9. f4 Qb6 10. a4 a5 11. Nd2 Rc8 12. Qb5 Qc7 13. Ndf3 c4 14. b3 cxb3 15. Qxb3
Nxe5 16. Nxe5 Bd6 17. Qb5+ Ke7 18. Ba3 Bxa3 19. Rxa3 Ne4 20. Qd3 f6 21. Nf3 Rhf8
22. Rb1 b6 23. Rab3 Rb8 24. Rc1 Rfc8 25. Qb1 Qb7 26. Re1 Rc4 27. Qc2 Rxa4 28.
Reb1 Rc4 29. Rxb6 Qxb6 30. Rxb6 Rxb6 31. Nd2 Rxc3 32. Qa4 Nxd2 33. Qxa5 Rb1+ 34.
Kf2 Rc2 35. Qa7+ Kf8 36. Qa3+ Kf7 37. Qa7+ Kg6 38. f5+ exf5 39. Qa8 Ne4+ 40. Kf3
Rf1# {White checkmated} 0-1